 Dungeon Crawl Stone Soup version 0.29.0-4-gdea44cf6ec (webtiles) character file.

Game seed: 12034224994597501932

249926 qw the Peltast (level 19, -5/185 HPs)
             Began as a Minotaur Berserker on Sept 7, 2022.
             Was a High Priest of Trog.
             Slain by a deep troll (11 damage)
             ... led by an ironbound preserver
             ... on level 1 of the Vaults.
             The game lasted 00:13:23 (33420 turns).

qw the Peltast (Minotaur Berserker)                Turns: 33420, Time: 00:13:23

Health: -5/185     AC: 15    Str: 27    XL:     19   Next: 29%
Magic:  18/18      EV: 14    Int:  8    God:    Trog [*****.]
Gold:   1020       SH: 25    Dex: 11    Spells: 18/18 levels left

rFire   + . .      SeeInvis +   g - +14 obsidian axe {vorpal, Mesm Drain Fly SInv}
rCold   . . .      Faith    .   D - +0 tower shield
rNeg    . . .      Spirit   .   C - +2 plate armour {rPois}
rPois   +          Reflect  +   d - +2 hat
rElec   .          Harm     .   k - +0 cloak
rCorr   .          Rampage  .   m - +2 pair of gloves
Will    +++..                   b - +1 pair of boots {Fly}
Stlth   ..........              h - amulet of reflection
HPRegen 1.40/turn               t - +4 ring of protection
MPRegen 0.16/turn               p - ring of Georo {rF+ EV+4 Str-2 Int+4}

@: strong-willed (expiring), corroded, on berserk cooldown, flying, mesmerised,
regenerating (expiring), slowed, very slow
A: horns 2, retaliatory headbutt
}: 1/15 runes: gossamer
a: Renounce Religion, Berserk, Trog's Hand, Brothers in Arms


You were on level 1 of the Vaults.
You worshipped Trog.
Trog was extremely pleased with you.
You visited 6 branches of the dungeon, and saw 30 of its levels.

You collected 3289 gold pieces.
You spent 2269 gold pieces at shops.


Innate Abilities, Weirdness & Mutations

You have a pair of horns on your head.
You reflexively headbutt those who attack you in melee.


   Skills:
 - Level 20.0 Fighting
 - Level 18.0 Axes
 - Level 10.5 Throwing
 - Level 19.0 Armour
 - Level 9.0 Dodging
 + Level 20.4 Shields


You had 18 spell levels left.
You didn't know any spells.
Your spell library was empty.

Inventory:

Hand Weapons
 g - the +14 obsidian axe (weapon) {vorpal, Mesm Drain Fly SInv}
   (You acquired it on level 6 of the Dungeon)

   It inflicts extra damage upon your enemies.
   It occasionally summons demons to assist the wielder when it strikes in
   combat.
   Its wielder is mesmerised by any visible foes.
   It cannot be unequipped while any foes are visible.
   SInv:      It lets you see invisible.
   Fly:       It grants you flight.
   Drain:     It drains your maximum health when unequipped.
Missiles
 a - 40 boomerangs
 q - 8 silver boomerangs
 A - 6 javelins (quivered)
 E - 3 boomerangs of dispersal
Armour
 b - a +1 pair of boots of flying (worn)
 c - a +0 pair of boots of stealth
 d - a +2 hat (worn)
 k - a +0 cloak (worn)
 l - a +3 plate armour
 m - a +2 pair of gloves (worn)
 C - a +2 plate armour of poison resistance (worn)
 D - a +0 tower shield (worn)
Jewellery
 h - an amulet of reflection (around neck)
 p - the ring of Georo (right hand) {rF+ EV+4 Str-2 Int+4}
   (You took it off a centaur warrior on level 10 of the Dungeon)

   [ring of evasion]

   EV:        It affects your evasion (+4).
   Str:       It affects your strength (-2).
   Int:       It affects your intelligence (+4).
   rF:        It protects you from fire.
 s - a ring of fire
 t - a +4 ring of protection (left hand)
 w - a ring of see invisible
 x - a ring of poison resistance
 y - the ring of Cuoh {Wiz Fly rC+ rN+}
   (You bought it in a shop on level 2 of the Orcish Mines)

   [ring of wizardry]

   It improves your spell success rate.
   rC:        It protects you from cold.
   rN:        It protects you from negative energy.
   Fly:       It grants you flight.
 Y - a +6 ring of strength
Scrolls
 e - 21 scrolls of identify
 n - 6 scrolls of enchant weapon
 u - 2 scrolls of brand weapon
Potions
 i - 20 potions of curing
 j - 8 potions of mutation
 o - 10 potions of might
 r - a potion of resistance
 z - 2 potions of haste

Dungeon Overview and Level Annotations

Branches:
Dungeon (15/15)            Temple (0/1) D:4            Lair (5/5) D:9
 Shoals (3/4) Lair:2       Spider (4/4) Lair:2        Slime (0/5) Lair:5
    Orc (2/2) D:10            Elf (0/3) Orc:2        Vaults (1/5) D:13
 Depths (0/4) D:15

Altars:
Ashenzari
Cheibriados
Makhleb
Nemelex Xobeh
Sif Muna
Uskayaw
Wu Jian
Xom
Jiyva

Shops:
D:13 ?   Orc:2 ?!===

Annotations:
Lair:5 1 runed translucent door
Shoals:1 2 transporters, 1 runed translucent door, Kehicw's ghost, adept HOBr


Message History

You hit the cyan ugly thing but do no damage.
You feel the effects of Trog's Hand fading.
Your soul eater hits the vault sentinel!
You are no longer entranced.
The vault sentinel dies!
Trog accepts your kill.
Trog appreciates your killing of a magic user.
You block the deep troll's attack.
The deep troll claws you but does no damage.
You block the deep troll's attack. You block the cyan ugly thing's attack.
Your soul eater hits the deep troll!!
The deep troll dies!
Trog accepts your kill.
Trog will now gift you melee weapons as you gain piety.
Your Armour skill increases to level 19!
33418 ||| INVOKING Brothers in Arms.
You fail to use your ability.
Visions of slaying the deep troll flood into your mind.
The deep troll misses you. You furiously retaliate!
You headbutt the deep troll! You block the deep troll's attack.
The deep troll claws you but does no damage.
You block the cyan ugly thing's attack.
Your soul eater misses the deep troll.
You block the deep troll's attack.
The deep troll claws you but does no damage.
The deep troll claws you!
The deep troll bites you but does no damage.
The deep troll claws you but does no damage.
The deep troll claws you. The cyan ugly thing punches you!
The cyan ugly thing shocks you!
33419 ||| INVOKING Brothers in Arms.
You fail to use your ability.
Visions of slaying the cyan ugly thing flood into your mind.
Your soul eater hits the deep troll but does no damage.
You block the deep troll's attack. The deep troll completely misses you.
You block the deep troll's attack. x2; The deep troll claws you!
The deep troll closely misses you. You block the cyan ugly thing's attack.
Your soul eater hits the deep troll!
33420 ||| INVOKING Brothers in Arms.
You fail to use your ability.
Visions of slaying the deep troll flood into your mind.
You block the deep troll's attack. x2; The deep troll barely misses you.
The deep troll bites you!
You die...

...#.....####...####
...#.....'.........#
...#.....####...####
...#.....# #..#..##
...#.....##..###..#
...#)....####
#)####### ####.....#
#)3...... .......#
#TT....(. .......#
#@#.#.#.# #u#.# #
#.### ... #(# #.#
###


You could see a cyan ugly thing, 2 deep trolls and a friendly soul eater
(summoned).

Vanquished Creatures
  3 krakens (Shoals:1)
  Gastronok (D:8)
  A frost giant (D:15)
  Louise (Shoals:1)
  2 emperor scorpions (Spider:4)
  An orc warlord (Vaults:1)
  5 ghost moths
  A broodmother (Spider:4)
  An ironbound preserver (Vaults:1)
  A stone giant (D:10)
  2 very ugly things (Vaults:1)
  2 dire elephants (Vaults:1)
  3 entropy weavers
  6 spark wasps
  Snorg (D:10)
  8 merfolk impalers
  A great orb of eyes (Vaults:1)
  5 vault guards
  3 hydras
  A catoblepas (D:13)
  2 ogre magi (Orc:2)
  3 jorogumos
  A merfolk avatar (Shoals:1)
  15 two-headed ogres
  5 boulder beetles
  3 merfolk aquamancers
  6 centaur warriors
  A satyr (Shoals:2)
  3 tengu warriors (D:15)
  16 death yaks
  An orc high priest (Orc:1)
  A deep elf knight (D:12)
  Sonja (Lair:5)
  4 pharaoh ants
  4 sun moths
  Amaemon (D:10)
  5 sea snakes
  8 orb spiders
  4 steelbarb worms
  3 skeletal warriors (D:14)
  7 deep trolls
  A wizard (D:12)
  12 harpies (Shoals:1)
  6 orc knights
  3 deep elf pyromancers
  7 ugly things
  2 oklob plants
  12 cyclopes
  11 manticores
  4 orc sorcerers
  13 wolf spiders
  5 fauns (Shoals:2)
  2 moths of wrath
  An elephant (Lair:1)
  Joseph (D:12)
  7 merfolk sirens
  Maurice (D:8)
  2 vault sentinels (Vaults:1)
  6 black mambas
  5 gargoyles
  13 cane toads
  3 rime drakes
  Maggie (D:7)
  Psyche (D:10)
  4 torpor snails
  An unseen horror (D:12)
  3 kobold demonologists
  5 demonic crawlers
  A yaktaur (D:15)
  7 komodo dragons
  An efreet (D:8)
  A freezing wraith (D:10)
  12 trolls
  A wind drake (shapeshifter) (D:15)
  Grinder (D:3)
  3 meliai (Spider:2)
  36 merfolk
  A wind drake (Shoals:2)
  7 hornets
  6 polar bears
  Prince Ribbit (D:8)
  4 dream sheep
  11 tarantellas
  11 blink frogs
  6 slime creatures
  12 jumping spiders
  3 snapping turtles
  A shadow (D:8)
  10 spriggans (Lair:5)
  2 water elementals (Shoals:2)
  12 culicivoras
  5 wyverns
  A centaur simulacrum (D:10)
  2 wraiths (D:10)
  A golden eye (shapeshifter) (D:13)
  37 yaks
  Eustachio (D:6)
  4 basilisks
  26 redbacks
  3 steam dragons
  5 vampire mosquitoes
  2 wargs (Orc:1)
  A warg (shapeshifter) (D:8)
  4 acid dragons
  10 water moccasins
  21 orc warriors
  4 black bears
  16 ogres
  2 sky beasts
  22 wolves
  12 centaurs
  5 boggarts (Lair:5)
  2 phantoms (D:6)
  6 bullfrogs
  2 kobold brigands
  3 gnoll sergeants
  13 wights
  10 killer bees
  5 electric eels
  9 howler monkeys
  2 hounds (D:5)
  10 orc priests
  2 iguanas (D:5)
  18 orc wizards
  21 gnolls
  4 adders
  3 white imps
  An ufetubus (D:7)
  2 worms (D:5)
  2 dart slugs
  49 orcs
  4 bats
  3 endoplasms
  5 giant cockroaches
  4 goblins
  6 hobgoblins
  10 jackals
  19 kobolds
  2 quokkas
  9 ball pythons
  8 frilled lizards
  8 rats
  6 tentacles (Shoals:1)
857 creatures vanquished.

Vanquished Creatures (collateral kills)
  Bai Suzhen (Shoals:3)
  Polyphemus (Shoals:2)
  Ilsuiw (Shoals:2)
  A vault warden (Vaults:1)
  An ironbound preserver (Vaults:1)
  A dire elephant (Vaults:1)
  A merfolk javelineer (Shoals:1)
  2 boulder beetles
  A centaur warrior (D:10)
  A catoblepas (Shoals:2)
  2 hydras
  2 ironbound frosthearts (Vaults:1)
  3 two-headed ogres
  2 death yaks
  2 pharaoh ants
  2 skeletal warriors (D:14)
  4 deep trolls (Vaults:1)
  6 orb spiders
  2 ironbound convokers (Vaults:1)
  A harpy (Shoals:1)
  2 orc knights
  3 wolf spiders (Spider:4)
  6 fauns (Shoals:2)
  2 orc sorcerers
  An oklob plant (Lair:4)
  2 cyclopes (D:14)
  5 merfolk sirens
  A vault sentinel (Vaults:1)
  2 moths of wrath (Spider:4)
  An orange demon (D:10)
  3 cane toads
  A demonic crawler (Spider:3)
  A freezing wraith (D:14)
  4 komodo dragons
  A yaktaur (Vaults:1)
  A polar bear (Lair:5)
  3 trolls
  A dream sheep (Lair:5)
  3 merfolk
  A wind drake (Lair:2)
  5 blink frogs
  2 slime creatures
  3 hornets
  4 snapping turtles
  9 jumping spiders
  3 culicivoras
  2 spriggans (Lair:5)
  7 yaks
  A human (D:13)
  2 vampire mosquitoes
  2 basilisks
  A wyvern (Lair:3)
  3 redbacks
  A warg (D:10)
  A water moccasin (Lair:1)
  4 black bears
  5 orc warriors
  7 ogres
  7 wolves
  4 centaurs
  2 bullfrogs (D:9)
  A scorpion (D:9)
  2 wights
  An electric eel (Spider:4)
  2 howler monkeys (D:10)
  An orc wizard (Orc:1)
  23 orcs
186 creatures vanquished.

Vanquished Creatures (others)
  A manticore (D:8)
  A merfolk (Shoals:2)
  An orc warrior (Orc:1)
  An ogre (Orc:2)
  3 orcs
  14 bushes (Lair:5)
  48 fungi
  128 plants
  14 tentacles (Shoals:1)
211 creatures vanquished.

Grand Total: 1254 creatures vanquished

Notes
Turn   | Place    | Note
-------+----------+-------------------------------------------
     0 | D:1      | qw the Minotaur Berserker began the quest for the Orb.
     0 | D:1      | Reached XP level 1. HP: 19/19 MP: 0/0
     0 | D:1      | 0 ||| qw: Version: 0.1-a-108-g9e35731
     0 | D:1      | 0 ||| qw: Game counter: 6471
     0 | D:1      | 0 ||| qw: Always use a shield: true
     0 | D:1      | 0 ||| qw: Do Orc after D:15 true
     0 | D:1      | 0 ||| qw: Do second Lair branch before Depths: true
     0 | D:1      | 0 ||| qw: Lair rune preference: random
     0 | D:1      | 0 ||| qw: Plans: Normal
     0 | D:1      | 0 ||| PLANNING D:1-11
    52 | D:1      | 52 ||| Stepping ~*~*~tactically~*~*~ (hiding).
   150 | D:1      | Reached XP level 2. HP: 26/26 MP: 1/1
   284 | D:1      | 284 ||| INVOKING Berserk.
   656 | D:1      | Reached ** piety under Trog
   716 | D:1      | Reached XP level 3. HP: 31/31 MP: 2/2
   860 | D:1      | 860 ||| UPGRADING to +0 ring mail.
   870 | D:1      | 870 ||| DROPPING +0 animal skin.
   871 | D:1      | 871 ||| UPGRADING to +0 cloak.
   876 | D:1      | 876 ||| READING scroll labelled OTHRO QENOLLOQEO.
   877 | D:1      | 877 ||| READING scroll labelled AWU NAROMUTAEHE.
  1036 | D:2      | 1036 ||| DROPPING +0 club.
  1042 | D:2      | 1042 ||| Stepping ~*~*~tactically~*~*~ (stealth).
  1522 | D:2      | Found a faded altar of an unknown god.
  1710 | D:2      | 1710 ||| UPGRADING to amulet of the acrobat.
  1715 | D:2      | 1715 ||| READING scroll labelled SIARGH UFEEJE.
  1716 | D:2      | 1716 ||| READING scroll labelled XUPNEI ARREI.
  1716 | D:2      | Identified a scroll of acquirement
  1716 | D:2      | 1716 ||| ACQUIRING +2 war axe of venom
  1716 | D:2      | Acquired a +2 war axe of venom
  1718 | D:2      | 1718 ||| SWAPPING to +2 war axe of venom.
  1719 | D:2      | 1719 ||| DROPPING +0 hand axe.
  1720 | D:2      | 1720 ||| READING scroll labelled CIEXOMER NOYMPI.
  1721 | D:2      | 1721 ||| READING 2 scrolls of identify.
  1721 | D:2      | 1721 ||| IDENTIFYING dark potion
  1754 | D:3      | 1754 ||| Stepping ~*~*~tactically~*~*~ (stealth).
  1755 | D:3      | 1755 ||| Stepping ~*~*~tactically~*~*~ (stealth).
  1756 | D:3      | 1756 ||| INVOKING Berserk.
  1762 | D:3      | Reached skill level 6 in Axes
  1762 | D:3      | Reached XP level 4. HP: 39/39 MP: 3/3
  1803 | D:3      | 1803 ||| FLEEEEING.
  1804 | D:3      | 1804 ||| FLEEEEING.
  1805 | D:3      | 1805 ||| FLEEEEING.
  1816 | D:3      | 1816 ||| FLEEEEING.
  1817 | D:3      | 1817 ||| FLEEEEING.
  1818 | D:3      | 1818 ||| STAIRDANCE
  1939 | D:2      | 1939 ||| DRINKING 2 golden potions.
  1963 | D:3      | 1963 ||| DROPPING +1 mace of holy wrath.
  2005 | D:3      | 2005 ||| Stepping ~*~*~tactically~*~*~ (hiding).
  2008 | D:3      | 2008 ||| INVOKING Berserk.
  2121 | D:3      | 2121 ||| INVOKING Berserk.
  2234 | D:3      | Noticed an ogre
  2238 | D:3      | 2238 ||| INVOKING Berserk.
  2240 | D:3      | Killed an ogre
  2241 | D:3      | Reached XP level 5. HP: 45/45 MP: 4/4
  2433 | D:3      | 2433 ||| FLEEEEING.
  2434 | D:3      | 2434 ||| FLEEEEING.
  2438 | D:3      | 2438 ||| FLEEEEING.
  2439 | D:3      | 2439 ||| FLEEEEING.
  2440 | D:3      | 2440 ||| FLEEEEING.
  2441 | D:3      | 2441 ||| FLEEEEING.
  2447 | D:3      | 2447 ||| FLEEEEING.
  2448 | D:3      | 2448 ||| FLEEEEING.
  2449 | D:3      | 2449 ||| FLEEEEING.
  2455 | D:3      | 2455 ||| FLEEEEING.
  2456 | D:3      | 2456 ||| FLEEEEING.
  2457 | D:3      | 2457 ||| FLEEEEING.
  2462 | D:3      | 2462 ||| FLEEEEING.
  2463 | D:3      | 2463 ||| FLEEEEING.
  2464 | D:3      | 2464 ||| FLEEEEING.
  2467 | D:3      | 2467 ||| FLEEEEING.
  2470 | D:3      | 2470 ||| FLEEEEING.
  2471 | D:3      | 2471 ||| FLEEEEING.
  2472 | D:3      | 2472 ||| FLEEEEING.
  2473 | D:3      | 2473 ||| FLEEEEING.
  2474 | D:3      | 2474 ||| FLEEEEING.
  2475 | D:3      | 2475 ||| FLEEEEING.
  2476 | D:3      | 2476 ||| FLEEEEING.
  2477 | D:3      | 2477 ||| FLEEEEING.
  2480 | D:3      | 2480 ||| FLEEEEING.
  2481 | D:3      | 2481 ||| FLEEEEING.
  2482 | D:3      | 2482 ||| FLEEEEING.
  2483 | D:3      | 2483 ||| FLEEEEING.
  2484 | D:3      | 2484 ||| FLEEEEING.
  2485 | D:3      | 2485 ||| FLEEEEING.
  2486 | D:3      | 2486 ||| FLEEEEING.
  2488 | D:3      | 2488 ||| INVOKING Berserk.
  2638 | D:3      | Noticed Grinder
  2639 | D:3      | 2639 ||| INVOKING Trog's Hand.
  2640 | D:3      | 2640 ||| INVOKING Trog's Hand.
  2641 | D:3      | 2641 ||| INVOKING Berserk.
  2649 | D:3      | Killed Grinder
  2650 | D:3      | Reached skill level 9 in Axes
  2650 | D:3      | Reached XP level 6. HP: 52/52 MP: 5/5
  2905 | D:3      | 2905 ||| Stepping ~*~*~tactically~*~*~ (stealth).
  2906 | D:3      | 2906 ||| Stepping ~*~*~tactically~*~*~ (stealth).
  3109 | D:3      | 3109 ||| Stepping ~*~*~tactically~*~*~ (stealth).
  3110 | D:3      | 3110 ||| INVOKING Berserk.
  3121 | D:3      | 3121 ||| Stepping ~*~*~tactically~*~*~ (stealth).
  3125 | D:3      | Reached XP level 7. HP: 57/60 MP: 6/6
  3404 | D:3      | 3404 ||| UPGRADING to +0 chain mail.
  3414 | D:3      | 3414 ||| DROPPING +0 ring mail.
  3415 | D:3      | 3415 ||| READING 2 scrolls labelled RULLUKLAECK.
  3419 | D:3      | 3419 ||| DRINKING 2 blue potions.
  3447 | D:3      | 3447 ||| DRINKING 2 ruby potions.
  3448 | D:3      | 3448 ||| DROPPING potion of lignification.
  3552 | D:4      | 3552 ||| Stepping ~*~*~tactically~*~*~ (stealth).
  3634 | D:4      | 3634 ||| Stepping ~*~*~tactically~*~*~ (stealth).
  3710 | D:4      | Reached skill level 3 in Armour
  3976 | D:4      | Found a staircase to the Ecumenical Temple.
  3980 | D:4      | 3980 ||| UPGRADING to +0 buckler.
  3985 | D:4      | 3985 ||| READING scroll labelled YCUXUU SOAWN.
  3986 | D:4      | 3986 ||| READING 3 scrolls of identify.
  3986 | D:4      | 3986 ||| IDENTIFYING silvery potion
  3987 | D:4      | 3987 ||| READING 2 scrolls of identify.
  3987 | D:4      | 3987 ||| IDENTIFYING fuming yellow potion
  3988 | D:4      | 3988 ||| DROPPING potion of attraction.
  3989 | D:4      | 3989 ||| DROPPING potion of magic.
  3990 | D:4      | 3990 ||| READING scroll of teleportation.
  4020 | D:5      | Entered Level 5 of the Dungeon
  4040 | D:5      | Reached skill level 1 in Shields
  4113 | D:5      | 4113 ||| READING scroll of enchant weapon.
  4113 | D:5      | 4113 ||| ENCHANTING +3 war axe of venom.
  4236 | D:5      | 4236 ||| Stepping ~*~*~tactically~*~*~ (stealth).
  4241 | D:5      | 4241 ||| Stepping ~*~*~tactically~*~*~ (stealth).
  4243 | D:5      | 4243 ||| Stepping ~*~*~tactically~*~*~ (hiding).
  4247 | D:5      | 4247 ||| INVOKING Berserk.
  4269 | D:5      | 4269 ||| Stepping ~*~*~tactically~*~*~ (stealth).
  4364 | D:5      | Reached skill level 3 in Shields
  4500 | D:5      | 4500 ||| INVOKING Berserk.
  4780 | D:5      | 4780 ||| UPGRADING to +0 pair of boots.
  4785 | D:5      | 4785 ||| DRINKING 2 orange potions.
  4786 | D:5      | 4786 ||| DRINKING 2 fizzy yellow potions.
  4787 | D:5      | 4787 ||| READING 5 scrolls of identify.
  4787 | D:5      | 4787 ||| IDENTIFYING glowing inky potion
  4788 | D:5      | 4788 ||| READING 4 scrolls of identify.
  4788 | D:5      | 4788 ||| IDENTIFYING inky potion
  4789 | D:5      | 4789 ||| READING 3 scrolls of identify.
  4789 | D:5      | 4789 ||| IDENTIFYING puce potion
  4790 | D:5      | 4790 ||| DROPPING potion of flight.
  4791 | D:5      | 4791 ||| DROPPING potion of degeneration.
  4792 | D:5      | 4792 ||| DROPPING potion of brilliance.
  4826 | D:6      | Noticed Eustachio
  4830 | D:6      | 4830 ||| INVOKING Berserk.
  4839 | D:6      | Killed Eustachio
  4840 | D:6      | Reached XP level 8. HP: 69/69 MP: 7/7
  4955 | D:6      | 4955 ||| DROPPING +0 flail.
  4973 | D:6      | 4973 ||| Stepping ~*~*~tactically~*~*~ (stealth).
  4977 | D:6      | 4977 ||| Stepping ~*~*~tactically~*~*~ (stealth).
  4979 | D:6      | Reached skill level 1 in Throwing
  4981 | D:6      | Reached *** piety under Trog
  5010 | D:6      | 5010 ||| INVOKING Berserk.
  5012 | D:6      | Reached skill level 6 in Fighting
  5205 | D:6      | 5205 ||| FLEEEEING.
  5206 | D:6      | 5206 ||| FLEEEEING.
  5207 | D:6      | 5207 ||| FLEEEEING.
  5208 | D:6      | 5208 ||| FLEEEEING.
  5209 | D:6      | 5209 ||| FLEEEEING.
  5210 | D:6      | 5210 ||| FLEEEEING.
  5216 | D:6      | 5216 ||| FLEEEEING.
  5217 | D:6      | 5217 ||| Stepping ~*~*~tactically~*~*~ (hiding).
  5218 | D:6      | 5218 ||| FLEEEEING.
  5219 | D:6      | 5219 ||| FLEEEEING.
  5222 | D:6      | 5222 ||| Stepping ~*~*~tactically~*~*~ (hiding).
  5240 | D:6      | 5240 ||| FLEEEEING.
  5402 | D:6      | 5402 ||| Stepping ~*~*~tactically~*~*~ (stealth).
  5421 | D:6      | 5421 ||| Stepping ~*~*~tactically~*~*~ (stealth).
  5422 | D:6      | 5422 ||| Stepping ~*~*~tactically~*~*~ (stealth).
  5423 | D:6      | 5423 ||| Stepping ~*~*~tactically~*~*~ (stealth).
  5515 | D:6      | You fall into a shaft and drop 1 floor!
  5547 | D:7      | Found a broken altar of Ashenzari.
  5549 | D:7      | Found a hide-covered altar of Uskayaw.
  5550 | D:7      | Found a shimmering blue altar of Sif Muna.
  5562 | D:7      | 5562 ||| Stepping ~*~*~tactically~*~*~ (stealth).
  5564 | D:7      | 5564 ||| Stepping ~*~*~tactically~*~*~ (hiding).
  5568 | D:7      | 5568 ||| INVOKING Berserk.
  5634 | D:7      | 5634 ||| Stepping ~*~*~tactically~*~*~ (hiding).
  5635 | D:7      | 5635 ||| Stepping ~*~*~tactically~*~*~ (hiding).
  5637 | D:7      | 5637 ||| INVOKING Berserk.
  5662 | D:7      | 5662 ||| Stepping ~*~*~tactically~*~*~ (stealth).
  5663 | D:7      | 5663 ||| Stepping ~*~*~tactically~*~*~ (stealth).
  5665 | D:7      | 5665 ||| Stepping ~*~*~tactically~*~*~ (stealth).
  5699 | D:7      | 5699 ||| Stepping ~*~*~tactically~*~*~ (stealth).
  5700 | D:7      | 5700 ||| Stepping ~*~*~tactically~*~*~ (stealth).
  5704 | D:7      | Reached XP level 9. HP: 75/75 MP: 8/8
  5773 | D:7      | Reached skill level 12 in Axes
  5790 | D:7      | 5790 ||| UPGRADING to +0 plate armour.
  5800 | D:7      | 5800 ||| DROPPING +0 chain mail.
  5801 | D:7      | 5801 ||| READING scroll labelled BEFFAI JOSUO.
  5802 | D:7      | 5802 ||| READING scroll labelled XUNOITAREH.
  5805 | D:7      | Found a sparkling altar of Nemelex Xobeh.
  5869 | D:6      | 5869 ||| Stepping ~*~*~tactically~*~*~ (stealth).
  5870 | D:6      | 5870 ||| Stepping ~*~*~tactically~*~*~ (stealth).
  5873 | D:6      | 5873 ||| Stepping ~*~*~tactically~*~*~ (hiding).
  5954 | D:6      | 5954 ||| READING scroll of acquirement.
  5954 | D:6      | 5954 ||| ACQUIRING +14 obsidian axe {vorpal, Mesm Drain Fly
                  | SInv}
  5954 | D:6      | Acquired the +14 obsidian axe {vorpal, Mesm Drain Fly SInv}
  5954 | D:6      | Found the +14 obsidian axe {vorpal, Mesm Drain Fly SInv}
  5956 | D:6      | 5956 ||| SWAPPING to +14 obsidian axe {vorpal, Mesm Drain
                  | Fly SInv}.
  5957 | D:6      | 5957 ||| DROPPING +4 war axe of protection.
  6131 | D:7      | Noticed Maggie
  6138 | D:7      | Killed Maggie
  6139 | D:7      | Reached skill level 6 in Armour
  6200 | D:7      | 6200 ||| Stepping ~*~*~tactically~*~*~ (hiding).
  6315 | D:7      | 6315 ||| Stepping ~*~*~tactically~*~*~ (stealth).
  6317 | D:7      | 6317 ||| Stepping ~*~*~tactically~*~*~ (hiding).
  6435 | D:7      | 6435 ||| Stepping ~*~*~tactically~*~*~ (stealth).
  6783 | D:7      | 6783 ||| Stepping ~*~*~tactically~*~*~ (stealth).
  7005 | D:8      | Found an ornate altar of the Wu Jian Council.
  7009 | D:8      | Found a snail-covered altar of Cheibriados.
  7010 | D:8      | Found a shimmering altar of Xom.
  7118 | D:8      | Noticed Prince Ribbit
  7118 | D:8      | Noticed Gastronok
  7122 | D:8      | Killed Prince Ribbit
  7131 | D:8      | HP: 16/81 [Gastronok (25)]
  7132 | D:8      | 7132 ||| READING scroll of teleportation.
  7133 | D:8      | 7133 ||| DRINKING 6 potions of heal wounds.
  7134 | D:8      | 7134 ||| DRINKING 5 potions of heal wounds.
  7136 | D:8      | 7136 ||| FLEEEEING.
  7529 | D:8      | Noticed Maurice
  7530 | D:8      | 7530 ||| FLEEEEING.
  7531 | D:8      | 7531 ||| FLEEEEING.
  7532 | D:8      | 7532 ||| FLEEEEING.
  7533 | D:8      | 7533 ||| FLEEEEING.
  7541 | D:8      | 7541 ||| FLEEEEING.
  7542 | D:8      | 7542 ||| FLEEEEING.
  7543 | D:8      | 7543 ||| FLEEEEING.
  7544 | D:8      | 7544 ||| FLEEEEING.
  7549 | D:8      | 7549 ||| FLEEEEING.
  7550 | D:8      | 7550 ||| FLEEEEING.
  7551 | D:8      | 7551 ||| FLEEEEING.
  7552 | D:8      | 7552 ||| FLEEEEING.
  7553 | D:8      | 7553 ||| FLEEEEING.
  7554 | D:8      | 7554 ||| FLEEEEING.
  7555 | D:8      | 7555 ||| FLEEEEING.
  7556 | D:8      | 7556 ||| FLEEEEING.
  7557 | D:8      | 7557 ||| FLEEEEING.
  7558 | D:8      | 7558 ||| FLEEEEING.
  7568 | D:8      | 7568 ||| FLEEEEING.
  7569 | D:8      | 7569 ||| FLEEEEING.
  7575 | D:8      | 7575 ||| FLEEEEING.
  7576 | D:8      | 7576 ||| FLEEEEING.
  7577 | D:8      | 7577 ||| FLEEEEING.
  7578 | D:8      | 7578 ||| FLEEEEING.
  7579 | D:8      | 7579 ||| STAIRDANCE
  7633 | D:7      | 7633 ||| UPGRADING to +0 pair of gloves.
  7651 | D:8      | 7651 ||| DRINKING 4 potions of curing.
  7651 | D:8      | 7651 ||| (to cure confusion)
  7658 | D:8      | Killed Maurice
  7659 | D:8      | Reached XP level 10. HP: 88/88 MP: 9/9
  7745 | D:8      | Killed Gastronok
  8129 | D:8      | Reached **** piety under Trog
  8168 | D:8      | 8168 ||| UPGRADING to +1 hat.
  8173 | D:8      | 8173 ||| READING scroll labelled NOOSTRYASIDD.
  8174 | D:8      | 8174 ||| READING scroll labelled TAMNILL UHIRU.
  8285 | D:8      | 8285 ||| FLEEEEING.
  8357 | D:8      | Reached skill level 15 in Axes
  8399 | D:8      | Noticed a manticore
  8400 | D:8      | 8400 ||| Stepping ~*~*~tactically~*~*~ (hiding).
  8405 | D:8      | Killed a manticore
  8501 | D:8      | Noticed a cyclops
  8501 | D:8      | Noticed a gargoyle
  8502 | D:8      | Noticed a manticore
  8509 | D:8      | Killed a gargoyle
  8510 | D:8      | Reached skill level 9 in Fighting
  8510 | D:8      | 8510 ||| DRINKING potion of cancellation.
  8521 | D:8      | Noticed a rust devil
  8525 | D:8      | Noticed a smoke demon
  8526 | D:8      | Killed a manticore
  8527 | D:8      | Reached skill level 3 in Dodging
  8530 | D:8      | Killed a cyclops
  8531 | D:8      | Reached XP level 11. HP: 57/97 MP: 10/10
  8692 | D:8      | Identified the +1 plate armour "Tixkyr" {rN+}
  8694 | D:8      | 8694 ||| UPGRADING to +1 plate armour "Tixkyr" {rN+}.
  8704 | D:8      | 8704 ||| DROPPING +0 plate armour.
  8707 | D:8      | 8707 ||| UPGRADING to +1 pair of boots of flying.
  8717 | D:8      | 8717 ||| DROPPING +0 pair of boots.
  8991 | D:8      | 8991 ||| UPGRADING to amulet of reflection.
  9001 | D:8      | 9001 ||| DROPPING amulet of the acrobat.
  9002 | D:8      | 9002 ||| READING scroll labelled EREKEU AVVI.
  9054 | D:9      | 9054 ||| FLEEEEING.
  9055 | D:9      | 9055 ||| FLEEEEING.
  9058 | D:9      | 9058 ||| STAIRDANCE
  9120 | D:9      | 9120 ||| FLEEEEING.
  9141 | D:9      | Noticed a boulder beetle
  9141 | D:9      | Noticed a two-headed ogre
  9142 | D:9      | 9142 ||| Stepping ~*~*~tactically~*~*~ (hiding).
  9145 | D:9      | 9145 ||| Stepping ~*~*~tactically~*~*~ (hiding).
  9152 | D:9      | Killed a two-headed ogre
  9153 | D:9      | 9153 ||| INVOKING Berserk.
  9158 | D:9      | Killed a boulder beetle
  9159 | D:9      | Reached skill level 9 in Armour
  9190 | D:9      | Reached skill level 6 in Shields
  9208 | D:9      | 9208 ||| FLEEEEING.
  9209 | D:9      | 9209 ||| FLEEEEING.
  9250 | D:9      | Found a staircase to the Lair.
  9358 | D:9      | 9358 ||| Stepping ~*~*~tactically~*~*~ (hiding).
  9361 | D:9      | 9361 ||| INVOKING Berserk.
  9480 | D:9      | 9480 ||| Stepping ~*~*~tactically~*~*~ (cloud).
  9711 | D:9      | 9711 ||| PLANNING LAIR
  9711 | D:9      | 9711 ||| READING scroll labelled SEANWIWU ZAUN.
  9712 | D:9      | 9712 ||| READING scroll labelled SUHYRGH UTIE.
  9843 | Lair:1   | Entered Level 1 of the Lair of Beasts
  9845 | Lair:1   | 9845 ||| Stepping ~*~*~tactically~*~*~ (stealth).
  9846 | Lair:1   | 9846 ||| Stepping ~*~*~tactically~*~*~ (stealth).
  9850 | Lair:1   | Noticed an eight-headed hydra
  9851 | Lair:1   | 9851 ||| INVOKING Brothers in Arms.
  9856 | Lair:1   | 9856 ||| INVOKING Brothers in Arms.
  9857 | Lair:1   | 9857 ||| INVOKING Brothers in Arms.
  9862 | Lair:1   | Killed an 11-headed hydra
  9975 | Lair:1   | 9975 ||| Stepping ~*~*~tactically~*~*~ (stealth).
  9994 | Lair:1   | Reached skill level 3 in Throwing
 10234 | Lair:1   | 10234 ||| Stepping ~*~*~tactically~*~*~ (stealth).
 10512 | Lair:1   | Reached XP level 12. HP: 93/106 MP: 11/11
 10592 | Lair:1   | Reached skill level 18 in Axes
 10670 | Lair:1   | 10670 ||| UPGRADING to +6 ring of strength.
 10793 | Lair:1   | 10793 ||| READING 2 scrolls of teleportation.
 11177 | Lair:2   | Identified the +7 long sword of Annihilation {vorpal,
                  | rElec}
 11225 | Lair:2   | Reached ***** piety under Trog
 11228 | Lair:2   | 11228 ||| INVOKING Brothers in Arms.
 11303 | Lair:2   | You are sucked into a shaft and drop 2 floors!
 11331 | Lair:4   | 11331 ||| INVOKING Brothers in Arms.
 11383 | Lair:4   | 11383 ||| READING scroll labelled COBLYU MANEMI.
 11384 | Lair:4   | 11384 ||| READING scroll labelled KESOYF DAAPNO.
 11400 | Lair:3   | Reached skill level 12 in Fighting
 11536 | Lair:2   | 11536 ||| READING scroll of enchant armour.
 11536 | Lair:2   | 11536 ||| ENCHANTING +0 pair of gloves.
 11539 | Lair:2   | Found a staircase to the Shoals.
 11544 | Lair:2   | 11544 ||| INVOKING Brothers in Arms.
 11545 | Lair:2   | 11545 ||| INVOKING Brothers in Arms.
 11552 | Lair:2   | 11552 ||| INVOKING Berserk.
 11758 | Lair:2   | Found a frozen archway.
 11866 | Lair:2   | Found a hole to the Spider Nest.
 11867 | Lair:2   | 11867 ||| INVOKING Brothers in Arms.
 11868 | Lair:2   | 11868 ||| INVOKING Brothers in Arms.
 11869 | Lair:2   | 11869 ||| INVOKING Brothers in Arms.
 11870 | Lair:2   | 11870 ||| INVOKING Brothers in Arms.
 11877 | Lair:2   | 11877 ||| INVOKING Brothers in Arms.
 11881 | Lair:2   | 11881 ||| INVOKING Brothers in Arms.
 11882 | Lair:2   | 11882 ||| INVOKING Brothers in Arms.
 12080 | Lair:2   | Noticed a death yak
 12080 | Lair:2   | Noticed a death yak
 12083 | Lair:2   | Noticed a death yak
 12088 | Lair:2   | Killed a death yak
 12094 | Lair:2   | Killed a death yak
 12095 | Lair:2   | Killed a death yak
 12560 | Lair:2   | 12560 ||| DROPPING ring of magical power.
 12633 | Lair:3   | Noticed a four-headed hydra
 12635 | Lair:3   | 12635 ||| INVOKING Brothers in Arms.
 12639 | Lair:3   | Killed a six-headed hydra
 12644 | Lair:3   | Reached XP level 13. HP: 115/119 MP: 12/12
 12682 | Lair:3   | 12682 ||| Stepping ~*~*~tactically~*~*~ (stealth).
 12777 | Lair:3   | 12777 ||| Stepping ~*~*~tactically~*~*~ (cloud).
 12778 | Lair:3   | 12778 ||| Stepping ~*~*~tactically~*~*~ (cloud).
 12970 | Lair:3   | Reached skill level 12 in Armour
 12975 | Lair:3   | 12975 ||| FLEEEEING.
 12976 | Lair:3   | 12976 ||| FLEEEEING.
 12977 | Lair:3   | 12977 ||| FLEEEEING.
 12978 | Lair:3   | 12978 ||| FLEEEEING.
 12983 | Lair:3   | Reached skill level 9 in Shields
 12985 | Lair:3   | 12985 ||| STAIRDANCE
 13072 | Lair:2   | 13072 ||| READING 9 scrolls of identify.
 13072 | Lair:2   | 13072 ||| IDENTIFYING smoky brown potion
 13073 | Lair:2   | 13073 ||| DROPPING potion of ambrosia.
 14087 | Lair:4   | 14087 ||| INVOKING Brothers in Arms.
 14278 | Lair:5   | Entered Level 5 of the Lair of Beasts
 14327 | Lair:5   | 14327 ||| Stepping ~*~*~tactically~*~*~ (stealth).
 14329 | Lair:5   | 14329 ||| INVOKING Berserk.
 14573 | Lair:5   | 14573 ||| INVOKING Brothers in Arms.
 14574 | Lair:5   | 14574 ||| INVOKING Brothers in Arms.
 14575 | Lair:5   | Found a runed translucent door.
 14575 | Lair:5   | Found a viscous altar of Jiyva.
 14580 | Lair:5   | Reached skill level 6 in Dodging
 14580 | Lair:5   | 14580 ||| INVOKING Berserk.
 14682 | Lair:5   | Noticed Sonja
 14703 | Lair:5   | Killed Sonja
 14822 | Lair:5   | Reached skill level 15 in Fighting
 14899 | Lair:5   | 14899 ||| Stepping ~*~*~tactically~*~*~ (stealth).
 14901 | Lair:5   | 14901 ||| Stepping ~*~*~tactically~*~*~ (hiding).
 14904 | Lair:5   | 14904 ||| INVOKING Berserk.
 14912 | Lair:5   | 14912 ||| INVOKING Brothers in Arms.
 14923 | Lair:5   | Reached XP level 14. HP: 132/135 MP: 13/13
 14955 | Lair:5   | 14955 ||| FLEEEEING.
 15032 | Lair:5   | 15032 ||| Stepping ~*~*~tactically~*~*~ (stealth).
 15040 | Lair:5   | 15040 ||| Stepping ~*~*~tactically~*~*~ (stealth).
 15065 | Lair:5   | 15065 ||| INVOKING Brothers in Arms.
 15086 | Lair:5   | 15086 ||| INVOKING Brothers in Arms.
 15263 | Lair:5   | 15263 ||| INVOKING Brothers in Arms.
 15298 | Lair:5   | Identified the +6 executioner's axe "Logaolec" {pain, rF+
                  | Str+4 Dex-4}
 15563 | Lair:5   | Found a staircase to the Slime Pits.
 15717 | Lair:5   | 15717 ||| PLANNING D:1-11
 15873 | D:10     | Entered Level 10 of the Dungeon
 15883 | D:10     | Noticed Amaemon
 15894 | D:10     | Killed Amaemon
 16012 | D:10     | 16012 ||| DROPPING +0 morningstar.
 16039 | D:10     | Found a staircase to the Orcish Mines.
 16045 | D:10     | Noticed Psyche
 16061 | D:10     | 16061 ||| FLEEEEING.
 16062 | D:10     | 16062 ||| FLEEEEING.
 16063 | D:10     | 16063 ||| FLEEEEING.
 16068 | D:10     | 16068 ||| FLEEEEING.
 16069 | D:10     | 16069 ||| FLEEEEING.
 16070 | D:10     | 16070 ||| FLEEEEING.
 16071 | D:10     | 16071 ||| FLEEEEING.
 16087 | D:10     | 16087 ||| FLEEEEING.
 16088 | D:10     | 16088 ||| FLEEEEING.
 16093 | D:10     | 16093 ||| FLEEEEING.
 16102 | D:10     | 16102 ||| STAIRDANCE
 16202 | D:10     | Killed Psyche
 16378 | D:10     | Noticed Snorg
 16379 | D:10     | 16379 ||| INVOKING Brothers in Arms.
 16386 | D:10     | Killed Snorg
 16587 | D:10     | 16587 ||| Stepping ~*~*~tactically~*~*~ (stealth).
 16589 | D:10     | 16589 ||| Stepping ~*~*~tactically~*~*~ (hiding).
 16603 | D:10     | 16603 ||| Stepping ~*~*~tactically~*~*~ (stealth).
 16612 | D:10     | Identified the ring of Georo {rF+ EV+4 Str-2 Int+4}
 16625 | D:10     | Noticed a stone giant
 16627 | D:10     | 16627 ||| INVOKING Brothers in Arms.
 16632 | D:10     | Killed a stone giant
 16662 | D:10     | Reached skill level 15 in Armour
 16666 | D:10     | 16666 ||| INVOKING Berserk.
 16677 | D:10     | 16677 ||| INVOKING Brothers in Arms.
 16678 | D:10     | 16678 ||| INVOKING Brothers in Arms.
 16679 | D:10     | HP: 31/137 [gargoyle/stone arrow (15)]
 16680 | D:10     | 16680 ||| READING scroll of teleportation.
 16681 | D:10     | 16681 ||| DRINKING 5 potions of heal wounds.
 16724 | D:10     | 16724 ||| FLEEEEING.
 16725 | D:10     | 16725 ||| FLEEEEING.
 16726 | D:10     | 16726 ||| FLEEEEING.
 16737 | D:10     | 16737 ||| FLEEEEING.
 17350 | D:10     | 17350 ||| UPGRADING to ring of Georo {rF+ EV+4 Str-2
                  | Int+4}.
 17351 | D:10     | 17351 ||| DROPPING ring of willpower.
 17352 | D:10     | 17352 ||| READING scroll labelled ZEQOED KUOTU.
 17587 | D:11     | 17587 ||| INVOKING Brothers in Arms.
 17733 | D:11     | 17733 ||| INVOKING Brothers in Arms.
 17913 | D:11     | Reached skill level 6 in Throwing
 18054 | D:11     | 18054 ||| PLANNING D
 18112 | D:12     | 18112 ||| Stepping ~*~*~tactically~*~*~ (hiding).
 18123 | D:12     | 18123 ||| INVOKING Brothers in Arms.
 18141 | D:12     | Noticed Joseph
 18143 | D:12     | 18143 ||| DRINKING 11 potions of curing.
 18143 | D:12     | 18143 ||| (to cure confusion)
 18146 | D:12     | 18146 ||| Stepping ~*~*~tactically~*~*~ (hiding).
 18147 | D:12     | 18147 ||| Stepping ~*~*~tactically~*~*~ (hiding).
 18148 | D:12     | 18148 ||| INVOKING Trog's Hand.
 18159 | D:12     | Killed Joseph
 18282 | D:12     | 18282 ||| Stepping ~*~*~tactically~*~*~ (hiding).
 18284 | D:12     | 18284 ||| Stepping ~*~*~tactically~*~*~ (hiding).
 18303 | D:12     | 18303 ||| INVOKING Berserk.
 18474 | D:12     | Reached XP level 15. HP: 88/146 MP: 14/14
 18857 | D:12     | 18857 ||| UPGRADING to +0 kite shield.
 18867 | D:12     | 18867 ||| DROPPING +0 buckler.
 18897 | D:13     | 18897 ||| Stepping ~*~*~tactically~*~*~ (cloud).
 19135 | D:13     | 19135 ||| Stepping ~*~*~tactically~*~*~ (hiding).
 19193 | D:13     | Found Jonu's Magic Scroll Shop.
 19242 | D:13     | Paralysed by an orc sorcerer for 3 turns
 19245 | D:13     | 19245 ||| INVOKING Trog's Hand.
 19253 | D:13     | 19253 ||| INVOKING Berserk.
 19561 | D:13     | 19561 ||| Stepping ~*~*~tactically~*~*~ (hiding).
 19816 | D:13     | Found a gate to the Vaults.
 19826 | D:13     | Reached skill level 12 in Shields
 20006 | D:13     | 20006 ||| INVOKING Trog's Hand.
 20222 | D:14     | 20222 ||| Waiting to end mesmerise (stuck).
 20224 | D:14     | 20224 ||| Stepping ~*~*~tactically~*~*~ (stealth).
 20696 | D:14     | 20696 ||| INVOKING Brothers in Arms.
 20701 | D:14     | 20701 ||| INVOKING Berserk.
 21156 | D:15     | Entered Level 15 of the Dungeon
 21175 | D:15     | 21175 ||| Stepping ~*~*~tactically~*~*~ (hiding).
 21335 | D:15     | 21335 ||| INVOKING Brothers in Arms.
 21336 | D:15     | 21336 ||| INVOKING Brothers in Arms.
 21482 | D:15     | 21482 ||| INVOKING Trog's Hand.
 21589 | D:15     | Reached skill level 15 in Shields
 22015 | D:15     | Found a staircase to the Depths.
 22015 | D:15     | Noticed a frost giant
 22024 | D:15     | Killed a frost giant
 22366 | D:15     | 22366 ||| PLANNING ORC
 22524 | Orc:1    | Entered Level 1 of the Orcish Mines
 22747 | Orc:2    | Entered Level 2 of the Orcish Mines
 22754 | Orc:2    | 22754 ||| INVOKING Trog's Hand.
 22763 | Orc:2    | 22763 ||| INVOKING Brothers in Arms.
 22764 | Orc:2    | 22764 ||| INVOKING Brothers in Arms.
 22791 | Orc:2    | 22791 ||| Stepping ~*~*~tactically~*~*~ (hiding).
 22793 | Orc:2    | 22793 ||| INVOKING Trog's Hand.
 22802 | Orc:2    | 22802 ||| INVOKING Berserk.
 22809 | Orc:2    | Reached XP level 16. HP: 151/155 MP: 15/15
 22822 | Orc:2    | 22822 ||| FLEEEEING.
 22823 | Orc:2    | 22823 ||| FLEEEEING.
 22824 | Orc:2    | 22824 ||| FLEEEEING.
 22828 | Orc:2    | 22828 ||| FLEEEEING.
 22829 | Orc:2    | 22829 ||| FLEEEEING.
 22837 | Orc:2    | 22837 ||| STAIRDANCE
 22956 | Orc:2    | Received a gift from Trog
 23091 | Orc:2    | Found Byizeces's Magic Scroll Shoppe.
 23098 | Orc:2    | 23098 ||| BUYING scroll of brand weapon (152 gold).
 23098 | Orc:2    | Bought a scroll of brand weapon for 152 gold pieces
 23098 | Orc:2    | 23098 ||| BUYING scroll of enchant armour (120 gold).
 23098 | Orc:2    | Bought a scroll of enchant armour for 120 gold pieces
 23098 | Orc:2    | 23098 ||| BUYING scroll of enchant armour (120 gold).
 23098 | Orc:2    | Bought a scroll of enchant armour for 120 gold pieces
 23098 | Orc:2    | 23098 ||| BUYING scroll of teleportation (48 gold).
 23098 | Orc:2    | Bought a scroll of teleportation for 48 gold pieces
 23098 | Orc:2    | 23098 ||| BUYING scroll of teleportation (48 gold).
 23098 | Orc:2    | Bought a scroll of teleportation for 48 gold pieces
 23098 | Orc:2    | 23098 ||| READING 2 scrolls of enchant armour.
 23098 | Orc:2    | 23098 ||| ENCHANTING +1 pair of gloves.
 23099 | Orc:2    | 23099 ||| READING scroll of enchant armour.
 23099 | Orc:2    | 23099 ||| ENCHANTING +1 hat.
 23109 | Orc:2    | Found a burning altar of Makhleb.
 23115 | Orc:2    | 23115 ||| INVOKING Brothers in Arms.
 23119 | Orc:2    | Identified the +2 robe of Caif {+Inv rPois Str+3 Slay-2}
 23123 | Orc:2    | Found Poan's Jewellery Boutique.
 23129 | Orc:2    | Found Keafuu's Distillery.
 23136 | Orc:2    | Found Ybus's Jewellery Shoppe.
 23139 | Orc:2    | 23139 ||| BUYING ring of poison resistance (220 gold).
 23139 | Orc:2    | Bought a ring of poison resistance for 220 gold pieces
 23147 | Orc:2    | 23147 ||| BUYING 2 potions of curing (66 gold).
 23147 | Orc:2    | Bought 2 potions of curing for 66 gold pieces
 23147 | Orc:2    | 23147 ||| BUYING 2 potions of heal wounds (110 gold).
 23147 | Orc:2    | Bought 2 potions of heal wounds for 110 gold pieces
 23147 | Orc:2    | 23147 ||| BUYING potion of curing (33 gold).
 23147 | Orc:2    | Bought a potion of curing for 33 gold pieces
 23147 | Orc:2    | 23147 ||| BUYING potion of curing (33 gold).
 23147 | Orc:2    | Bought a potion of curing for 33 gold pieces
 23147 | Orc:2    | 23147 ||| BUYING potion of haste (110 gold).
 23147 | Orc:2    | Bought a potion of haste for 110 gold pieces
 23147 | Orc:2    | 23147 ||| BUYING potion of mutation (88 gold).
 23147 | Orc:2    | Bought a potion of mutation for 88 gold pieces
 23152 | Orc:2    | Found Nauddi Vucko's Jewellery Shop.
 23162 | Orc:2    | 23162 ||| BUYING +4 ring of protection (468 gold).
 23162 | Orc:2    | Bought a +4 ring of protection for 468 gold pieces
 23162 | Orc:2    | 23162 ||| BUYING ring of Cuoh {Wiz Fly rC+ rN+} (653 gold).
 23162 | Orc:2    | Bought the ring of Cuoh {Wiz Fly rC+ rN+} for 653 gold
                  | pieces
 23166 | Orc:2    | 23166 ||| Stepping ~*~*~tactically~*~*~ (stealth).
 23167 | Orc:2    | 23167 ||| Stepping ~*~*~tactically~*~*~ (stealth).
 23168 | Orc:2    | 23168 ||| Stepping ~*~*~tactically~*~*~ (stealth).
 23182 | Orc:2    | 23182 ||| SHOPLISTING ring "Catuw" {Fly rF+ Dex+4} (598
                  | gold, have 2).
 23182 | Orc:2    | 23182 ||| SHOPLISTING ring of poison resistance (300 gold,
                  | have 2).
 23182 | Orc:2    | 23182 ||| SHOPLISTING ring of protection from fire (375
                  | gold, have 2).
 23277 | Orc:2    | Found a staircase to the Elven Halls.
 23337 | Orc:2    | 23337 ||| Stepping ~*~*~tactically~*~*~ (stealth).
 23338 | Orc:2    | 23338 ||| Stepping ~*~*~tactically~*~*~ (stealth).
 23341 | Orc:2    | 23341 ||| Stepping ~*~*~tactically~*~*~ (hiding).
 23549 | Orc:2    | 23549 ||| UPGRADING to +4 ring of protection.
 23551 | Orc:2    | 23551 ||| UPGRADING to ring of poison resistance.
 23566 | Orc:1    | 23566 ||| INVOKING Trog's Hand.
 23572 | Orc:1    | 23572 ||| INVOKING Brothers in Arms.
 23576 | Orc:1    | 23576 ||| INVOKING Berserk.
 23708 | Orc:1    | 23708 ||| DROPPING -1 demon whip of venom.
 23794 | Orc:1    | 23794 ||| INVOKING Trog's Hand.
 23852 | Orc:1    | 23852 ||| PLANNING SPIDER:1-3
 23852 | Orc:1    | 23852 ||| UPGRADING to +2 plate armour of poison
                  | resistance.
 23862 | Orc:1    | 23862 ||| REMOVING ring of poison resistance.
 23863 | Orc:1    | 23863 ||| DROPPING +1 plate armour "Tixkyr" {rN+}.
 23864 | Orc:1    | 23864 ||| UPGRADING to +6 ring of strength.
 23865 | Orc:1    | 23865 ||| UPGRADING to +4 ring of protection.
 23907 | D:10     | 23907 ||| Stepping ~*~*~tactically~*~*~ (stealth).
 24073 | Spider:1 | Entered Level 1 of the Spider Nest
 24326 | Spider:1 | 24326 ||| INVOKING Brothers in Arms.
 24327 | Spider:1 | 24327 ||| INVOKING Brothers in Arms.
 24383 | Spider:1 | 24383 ||| READING 3 scrolls of teleportation.
 24576 | Spider:1 | Reached skill level 18 in Fighting
 25187 | Spider:2 | 25187 ||| Stepping ~*~*~tactically~*~*~ (hiding).
 25254 | Spider:2 | 25254 ||| Stepping ~*~*~tactically~*~*~ (hiding).
 25256 | Spider:2 | 25256 ||| INVOKING Brothers in Arms.
 25266 | Spider:2 | 25266 ||| INVOKING Brothers in Arms.
 25294 | Spider:2 | 25294 ||| FLEEEEING.
 25295 | Spider:2 | 25295 ||| FLEEEEING.
 25297 | Spider:2 | 25297 ||| FLEEEEING.
 25909 | Spider:2 | 25909 ||| READING 18 scrolls of identify.
 25909 | Spider:2 | 25909 ||| IDENTIFYING fuming blue potion
 25910 | Spider:2 | 25910 ||| DRINKING potion of experience.
 25910 | Spider:2 | Reached skill level 9 in Throwing
 25910 | Spider:2 | Reached XP level 17. HP: 163/163 MP: 16/16
 26052 | Spider:3 | 26052 ||| FLEEEEING.
 26053 | Spider:3 | 26053 ||| FLEEEEING.
 26130 | Spider:3 | 26130 ||| Stepping ~*~*~tactically~*~*~ (stealth).
 26132 | Spider:3 | 26132 ||| INVOKING Brothers in Arms.
 26205 | Spider:3 | Identified the amulet "Edeyr" {RegenMP rC- Dex+7}
 26206 | Spider:3 | 26206 ||| Stepping ~*~*~tactically~*~*~ (hiding).
 26208 | Spider:3 | 26208 ||| INVOKING Brothers in Arms.
 26340 | Spider:3 | 26340 ||| Stepping ~*~*~tactically~*~*~ (hiding).
 26550 | Spider:3 | 26550 ||| PLANNING SHOALS:1-3
 26550 | Spider:3 | 26550 ||| DROPPING amulet "Edeyr" {RegenMP rC- Dex+7}.
 26551 | Spider:3 | 26551 ||| READING 20 scrolls of identify.
 26551 | Spider:3 | 26551 ||| IDENTIFYING sapphire potion
 26676 | Shoals:1 | Entered Level 1 of the Shoals
 26747 | Shoals:1 | Found a transporter.
 26773 | Shoals:1 | Found a transporter.
 26774 | Shoals:1 | Noticed Louise
 26774 | Shoals:1 | Noticed a kraken
 26775 | Shoals:1 | 26775 ||| INVOKING Trog's Hand.
 26777 | Shoals:1 | Noticed Kehicw's ghost (adept HOBr)
 26785 | Shoals:1 | Killed Louise
 26794 | Shoals:1 | Killed a kraken
 26839 | Shoals:1 | 26839 ||| READING 3 scrolls of teleportation.
 26840 | Shoals:1 | 26840 ||| Waiting to end mesmerise (stuck).
 26841 | Shoals:1 | 26841 ||| Waiting to end mesmerise (stuck).
 26842 | Shoals:1 | 26842 ||| Waiting to end mesmerise (stuck).
 26978 | Shoals:1 | 26978 ||| Stepping ~*~*~tactically~*~*~ (hiding).
 27413 | Shoals:1 | Found a runed translucent door.
 27421 | Shoals:1 | Noticed a kraken
 27431 | Shoals:1 | Killed a kraken
 27459 | Shoals:1 | 27459 ||| UPGRADING to +0 tower shield.
 27461 | Shoals:1 | 27461 ||| UPGRADING to +0 tower shield.
 27464 | Shoals:1 | Noticed a kraken
 27481 | Shoals:1 | Killed a kraken
 27482 | Shoals:1 | Reached XP level 18. HP: 92/176 MP: 17/17
 27699 | Shoals:1 | 27699 ||| UPGRADING to +0 kite shield.
 27704 | Shoals:1 | 27704 ||| UPGRADING to +0 tower shield.
 27714 | Shoals:1 | 27714 ||| DROPPING +0 kite shield.
 27715 | Shoals:1 | 27715 ||| DROPPING +1 hand axe of flaming.
 27727 | Shoals:1 | 27727 ||| INVOKING Trog's Hand.
 27728 | Shoals:1 | 27728 ||| INVOKING Brothers in Arms.
 27760 | Shoals:1 | HP: 37/149 [merfolk impaler/+0 demon trident of draining
                  | (1)]
 27761 | Shoals:1 | 27761 ||| READING 2 scrolls of teleportation.
 27762 | Shoals:1 | 27762 ||| DRINKING 7 potions of heal wounds.
 27763 | Shoals:1 | HP: 14/151 [merfolk impaler/+0 trident (16)]
 27764 | Shoals:1 | 27764 ||| DRINKING 6 potions of heal wounds.
 27765 | Shoals:1 | 27765 ||| DRINKING 5 potions of heal wounds.
 28206 | Shoals:1 | 28206 ||| READING scroll of teleportation.
 28210 | Shoals:1 | 28210 ||| INVOKING Berserk.
 28305 | Shoals:1 | 28305 ||| INVOKING Brothers in Arms.
 28433 | Shoals:1 | 28433 ||| Stepping randomly (stuck).
 28434 | Shoals:1 | 28434 ||| Stepping randomly (stuck).
 28435 | Shoals:1 | 28435 ||| Stepping randomly (stuck).
 28436 | Shoals:1 | 28436 ||| Stepping randomly (stuck).
 28460 | Shoals:1 | Identified the +2 battleaxe of Havoc {speed, Drain rPois
                  | rCorr Dex+5}
 28461 | Shoals:1 | Identified the ring "Zudgha Biot" {Wiz Int+2}
 28465 | Shoals:1 | 28465 ||| DROPPING ring "Zudgha Biot" {Wiz Int+2}.
 28609 | Shoals:2 | Noticed Polyphemus
 28610 | Shoals:2 | 28610 ||| INVOKING Brothers in Arms.
 28612 | Shoals:2 | 28612 ||| INVOKING Brothers in Arms.
 28623 | Shoals:2 | Killed Polyphemus
 28853 | Shoals:2 | Reached skill level 18 in Shields
 28858 | Shoals:2 | 28858 ||| INVOKING Trog's Hand.
 29041 | Shoals:2 | Noticed Ilsuiw
 29041 | Shoals:2 | 29041 ||| INVOKING Brothers in Arms.
 29042 | Shoals:2 | 29042 ||| INVOKING Berserk.
 29059 | Shoals:2 | 29059 ||| INVOKING Brothers in Arms.
 29069 | Shoals:2 | 29069 ||| INVOKING Brothers in Arms.
 29069 | Shoals:2 | Killed Ilsuiw
 29745 | Shoals:3 | 29745 ||| INVOKING Brothers in Arms.
 29748 | Shoals:3 | 29748 ||| INVOKING Berserk.
 30091 | Shoals:3 | Noticed Bai Suzhen
 30092 | Shoals:3 | 30092 ||| INVOKING Brothers in Arms.
 30093 | Shoals:3 | 30093 ||| INVOKING Brothers in Arms.
 30098 | Shoals:3 | Killed Bai Suzhen
 30099 | Shoals:3 | 30099 ||| Stepping ~*~*~tactically~*~*~ (cloud).
 30843 | Shoals:3 | 30843 ||| PLANNING SPIDER:4
 30891 | Shoals:1 | 30891 ||| INVOKING Brothers in Arms.
 31031 | Spider:4 | Entered Level 4 of the Spider Nest
 31065 | Spider:4 | 31065 ||| Stepping ~*~*~tactically~*~*~ (stealth).
 31206 | Spider:4 | 31206 ||| DROPPING amulet of magic regeneration.
 31211 | Spider:4 | 31211 ||| Waiting to end mesmerise (stuck).
 31216 | Spider:4 | 31216 ||| Stepping ~*~*~tactically~*~*~ (hiding).
 31219 | Spider:4 | 31219 ||| INVOKING Brothers in Arms.
 31220 | Spider:4 | 31220 ||| INVOKING Brothers in Arms.
 31266 | Spider:4 | 31266 ||| INVOKING Brothers in Arms.
 31268 | Spider:4 | 31268 ||| INVOKING Berserk.
 31276 | Spider:4 | Reached skill level 18 in Armour
 31431 | Spider:4 | 31431 ||| INVOKING Brothers in Arms.
 31584 | Spider:4 | 31584 ||| Stepping ~*~*~tactically~*~*~ (hiding).
 31589 | Spider:4 | 31589 ||| INVOKING Brothers in Arms.
 31837 | Spider:4 | 31837 ||| Stepping ~*~*~tactically~*~*~ (hiding).
 31858 | Spider:4 | 31858 ||| INVOKING Brothers in Arms.
 31995 | Spider:4 | 31995 ||| Stepping ~*~*~tactically~*~*~ (stealth).
 31999 | Spider:4 | 31999 ||| Stepping ~*~*~tactically~*~*~ (hiding).
 32004 | Spider:4 | 32004 ||| INVOKING Berserk.
 32020 | Spider:4 | Reached skill level 9 in Dodging
 32030 | Spider:4 | 32030 ||| FLEEEEING.
 32127 | Spider:4 | 32127 ||| Stepping ~*~*~tactically~*~*~ (stealth).
 32195 | Spider:4 | 32195 ||| FLEEEEING.
 32196 | Spider:4 | 32196 ||| FLEEEEING.
 32206 | Spider:4 | 32206 ||| FLEEEEING.
 32262 | Spider:4 | 32262 ||| FLEEEEING.
 32582 | Spider:4 | 32582 ||| DRINKING 2 potions of resistance.
 32604 | Spider:4 | Reached XP level 19. HP: 154/183 MP: 1/18
 32725 | Spider:4 | Got a gossamer rune of Zot
 32753 | Spider:4 | 32753 ||| PLANNING VAULTS:1-4
 32753 | Spider:4 | 32753 ||| DROPPING +1 hat of stealth.
 32754 | Spider:4 | 32754 ||| DROPPING scarf of shadows.
 32755 | Spider:4 | 32755 ||| DROPPING amulet of regeneration.
 32756 | Spider:4 | 32756 ||| READING 22 scrolls of identify.
 32756 | Spider:4 | 32756 ||| IDENTIFYING coppery potion
 32757 | Spider:4 | 32757 ||| DROPPING potion of invisibility.
 33091 | Vaults:1 | Entered Level 1 of the Vaults
 33189 | Vaults:1 | 33189 ||| Stepping ~*~*~tactically~*~*~ (stealth).
 33190 | Vaults:1 | Found the +9 staff of Wucad Mu {*channel}
 33191 | Vaults:1 | 33191 ||| INVOKING Trog's Hand.
 33192 | Vaults:1 | 33192 ||| INVOKING Brothers in Arms.
 33329 | Vaults:1 | 33329 ||| Stepping ~*~*~tactically~*~*~ (stealth).
 33338 | Vaults:1 | 33338 ||| INVOKING Trog's Hand.
 33376 | Vaults:1 | 33376 ||| INVOKING Trog's Hand.
 33379 | Vaults:1 | HP: 46/185 [orc warlord/+0 battleaxe (24)]
 33380 | Vaults:1 | 33380 ||| DRINKING 5 potions of heal wounds.
 33386 | Vaults:1 | 33386 ||| INVOKING Berserk.
 33386 | Vaults:1 | HP: 38/277 [orc warlord/+0 battleaxe (35)]
 33399 | Vaults:1 | HP: 33/277 [great orb of eyes (15)]
 33404 | Vaults:1 | HP: 31/277 [cyan ugly thing (7)]
 33407 | Vaults:1 | 33407 ||| DRINKING 4 potions of heal wounds.
 33408 | Vaults:1 | 33408 ||| DRINKING 3 potions of heal wounds.
 33409 | Vaults:1 | 33409 ||| INVOKING Brothers in Arms.
 33412 | Vaults:1 | HP: 37/185 [deep troll[an ironbound preserver] (14)]
 33413 | Vaults:1 | 33413 ||| DRINKING 2 potions of heal wounds.
 33414 | Vaults:1 | 33414 ||| DRINKING potion of heal wounds.
 33418 | Vaults:1 | 33418 ||| INVOKING Brothers in Arms.
 33418 | Vaults:1 | HP: 39/185 [deep troll[an ironbound preserver] (7)]
 33418 | Vaults:1 | HP: 14/185 [cyan ugly thing (12)]
 33419 | Vaults:1 | 33419 ||| INVOKING Brothers in Arms.
 33419 | Vaults:1 | HP: 3/185 [deep troll[an ironbound preserver] (13)]
 33420 | Vaults:1 | 33420 ||| INVOKING Brothers in Arms.
 33420 | Vaults:1 | Slain by a deep troll

Levels and vault maps discovered:
D:1:      lemuel_arrival_behind_the_door_small, layout_rooms
D:2:      layout_basic, hellmonk_ecumenical_altar_lost_god
D:3:      minmay_inner_zag, layout_loops_ring, serial_park_tiny_2,
          chequers_jeans, minmay_misc_feat_more_columns, uniq_grinder
D:4:      layout_rooms, minmay_temple_entry_enclosed_plants,
          minmay_goblin_kobold_house
D:5:      layout_basic
D:6:      layout_cave_pools, serial_column_ruins, column_ruins_open_tiny,
          column_ruins_grid_3, column_ruins_grid_1, column_ruins_grid_1,
          uniq_eustachio
D:7:      layout_loops_ring, nicolae_overflow_hidden_temple,
          chequers_temple_overflow_statue_of_worship, uniq_maggie
D:8:      minmay_the_grid_triangle_9x9_rhombus_full
          [minmay_the_grid_triangle_9x9_zippers_horizontal,
          minmay_the_grid_triangle_9x9_corrupted_corridor,
          minmay_the_grid_triangle_9x9_checkered,
          minmay_the_grid_triangle_9x9_warning,
          minmay_the_grid_triangle_9x9_sprig,
          minmay_the_grid_triangle_9x9_cache,
          minmay_the_grid_triangle_9x9_skeleton,
          minmay_the_grid_triangle_9x9_prize_center], layout_basic, minitemple,
          uniq_prince_ribbit1, uniq_maurice, uniq_gastronok
D:9:      layout_cave_pools, due_lair_maze_entry_diamond
D:10:     nzn_winding_woodlands_large [nzn_winding_woodlands_5x5_perimeter,
          nzn_winding_woodlands_5x15_pockets,
          nzn_winding_woodlands_5x5_checkerboard,
          nzn_winding_woodlands_center_triple_pond,
          nzn_winding_woodlands_15x15_five_gardens,
          nzn_winding_woodlands_center_garden,
          nzn_winding_woodlands_5x5_open_star, nzn_winding_woodlands_5x15_twine,
          nzn_winding_woodlands_5x5_default], layout_basic, david_orc_3,
          nicolae_concentric_dashed_squares_mild, due_unseen_surprise,
          uniq_snorg, uniq_amaemon, uniq_psyche
D:11:     layout_small_grid
D:12:     layout_cave_pools, sword_in_stone
D:13:     layout_grid_maze, grunt_vaults_entry_fortified, serial_shops, shop
D:14:     layout_small_grid, minivault_19
D:15:     grunt_enter_depths_snipers, layout_basic, minmay_misc_feat_ornament
Lair:1:   layout_small_grid, minmay_shattered_shrine
Lair:2:   layout_gridlike, minmay_shoals_entry_beasts,
          nicolae_spider_entry_orb_guardian, portal_ice_cave_entry_pillars_2
Lair:3:   layout_regular_city, grunt_megastairs_4
Lair:4:   dpeg_oklob_gauntlet, layout_loops_ring, minivault_26,
          serial_bayou_shore_a
Lair:5:   minmay_lair_end_enchanted_forest, layout_misc_corridors,
          slime_entry_2, minmay_hedge_maze, uniq_sonja
Shoals:1: nicolae_shoals_lighthouse, layout_shoals,
          gammafunk_ghost_berserking_beasts, uniq_louise
Shoals:2: layout_shoals, uniq_ilsuiw, uniq_polyphemus
Shoals:3: layout_shoals, nicolae_shoals_wave_tunnel, uniq_bai_suzhen
Spider:1: layout_spider_delve, nicolae_spider_some_kinda_spiderbox
Spider:2: layout_spider_delve
Spider:3: layout_spider_delve, nicolae_spider_spiderdrome
Spider:4: spider_rune_water, nicolae_spider_bug_shape
Orc:1:    layout_diamond_mine, basic_altar, nicolae_orc_damp_corner,
          abandoned_shop
Orc:2:    st_orc_open, layout_caves, serial_shops, nicolae_shop_statue_plus,
          bloody_makhleb
Vaults:1: vaults_mumra_lcd, nicolae_vaults_asterisk,
          nicolae_vaults_ninety_degrees, nicolae_vaults_an_arrangement,
          nicolae_vaults_alarming, hangedman_vaults_stagger,
          nicolae_vaults_network_square, vaults_room_pools,
          vaults_room_door_ring, nicolae_vaults_network_s, grunt_vaults_twisty,
          vaults_room_semicircle, vaults_room_stairs_pillars, v_misc_15,
          layout_vaults_ring, serial_shops, nicolae_shop_waterfront

Skill      XL: |  1  2  3  4  5  6  7  8  9 10 11 12 13 14 15 16 17 18 19 |
---------------+----------------------------------------------------------+-----
Axes           | 4 5 6 7 9 10 11 13 15 17 18 | 18.0
Fighting       | 4 5 6 8 9 10 12 15 16 17 18 19 20 | 20.0
Armour         | 3 4 7 8 9 11 13 15 17 18 19 | 19.0
Shields        | 3 4 5 6 8 9 10 15 16 20 | 20.4
Throwing       | 1 2 3 4 7 8 9 10 | 10.5
Dodging        | 3 5 6 7 8 9 |  9.0

Action                   |  1- 3 |  4- 6 |  7- 9 | 10-12 | 13-15 | 16-18 | 19-21 || total
-------------------------+-------+-------+-------+-------+-------+-------+-------++-------
Melee: Hand axe          |    89 |       |       |       |       |       |       ||    89
       Headbutt          |    13 |     8 |    21 |    33 |   102 |   128 |    23 ||   328
       War axe           |     5 |    55 |   136 |       |       |       |       ||   196
       Punch             |       |     1 |     2 |       |       |     1 |       ||     4
       Broad axe         |       |       |    55 |   226 |   544 |   674 |    92 ||  1591
       Unarmed           |       |       |       |       |     3 |       |       ||     3
Throw: Boomerang         |    12 |    24 |    97 |    49 |    38 |    33 |       ||   253
       Javelin           |       |       |       |       |    54 |   101 |     7 ||   162
Invok: Berserk           |     2 |     6 |     6 |     3 |     8 |     6 |     1 ||    32
       Trog's Hand       |       |     1 |       |       |     6 |     5 |     3 ||    15
       Brothers in Arms  |       |       |       |     7 |    15 |    22 |     2 ||    46
  Use: Scroll            |     6 |       |    13 |     9 |     3 |     8 |     1 ||    40
       Potion            |       |     1 |     7 |     1 |     2 |     5 |     5 ||    21
 Stab: Distracted        |       |       |       |       |     2 |     5 |       ||     7
Armor: Animal skin       |     9 |       |       |       |       |       |       ||     9
       Ring mail         |    11 |    11 |     2 |       |       |       |       ||    24
       Chain mail        |       |       |    39 |       |       |       |       ||    39
       Plate armour      |       |       |    30 |    89 |   193 |   237 |    33 ||   582
Dodge: Dodged            |    47 |    33 |    73 |    62 |   159 |   228 |    32 ||   634
Block: Buckler           |       |       |    24 |    71 |   132 |       |       ||   227
       Reflection        |       |       |       |     1 |    39 |    40 |       ||    80
       Other             |       |       |       |       |     2 |     7 |       ||     9
       Kite shield       |       |       |       |       |   155 |   196 |       ||   351
       Tower shield      |       |       |       |       |       |   461 |   115 ||   576

Table legend:
 A = Non-vault XP
 B = Vault XP
 C = Vault XP percentage of total XP
 D = Non-vault monster count
 E = Vault monster count
 F = Vault count percentage of total count
                 A         B        C        D         E       F
            +---------+---------+-------+---------+---------+-------
      Total |  191871 |  143020 |  42.7 |     695 |     345 |  33.2
            +---------+---------+-------+---------+---------+-------
        D:1 |      47 |       0 |   0.0 |      27 |       0 |   0.0
        D:2 |      29 |       0 |   0.0 |      13 |       0 |   0.0
        D:3 |     341 |     327 |  49.0 |      32 |       8 |  20.0
        D:4 |      81 |       7 |   8.0 |      13 |       5 |  27.8
        D:5 |     360 |       0 |   0.0 |      12 |       0 |   0.0
        D:6 |     931 |     196 |  17.4 |      20 |       1 |   4.8
        D:7 |    2107 |     398 |  15.9 |      32 |       1 |   3.0
        D:8 |     286 |    6512 |  95.8 |       9 |      26 |  74.3
        D:9 |    2805 |    1624 |  36.7 |      17 |      10 |  37.0
       D:10 |    1298 |   13066 |  91.0 |      10 |      47 |  82.5
       D:11 |    5458 |       0 |   0.0 |      13 |       0 |   0.0
       D:12 |    9664 |    2623 |  21.3 |      21 |       4 |  16.0
       D:13 |    6194 |    5630 |  47.6 |      15 |      10 |  40.0
       D:14 |   14080 |       0 |   0.0 |      27 |       0 |   0.0
       D:15 |    7720 |    2894 |  27.3 |      19 |       3 |  13.6
     Lair:1 |    5844 |    2417 |  29.3 |      24 |       6 |  20.0
     Lair:2 |    7894 |    1528 |  16.2 |      29 |       3 |   9.4
     Lair:3 |   10862 |     545 |   4.8 |      25 |       2 |   7.4
     Lair:4 |    4142 |    1062 |  20.4 |      18 |       2 |  10.0
     Lair:5 |   13544 |    8724 |  39.2 |      36 |      47 |  56.6
   Shoals:1 |   12028 |   19286 |  61.6 |      21 |      32 |  60.4
   Shoals:2 |   15117 |    9153 |  37.7 |      34 |      11 |  24.4
   Shoals:3 |    7130 |    5649 |  44.2 |      16 |      10 |  38.5
   Spider:1 |   10006 |    6402 |  39.0 |      26 |      10 |  27.8
   Spider:2 |   11451 |       0 |   0.0 |      34 |       0 |   0.0
   Spider:3 |    8053 |       0 |   0.0 |      20 |       0 |   0.0
   Spider:4 |   15108 |   23793 |  61.2 |      27 |      49 |  64.5
      Orc:1 |    5675 |       0 |   0.0 |      52 |       0 |   0.0
      Orc:2 |    2957 |   14877 |  83.4 |      40 |      37 |  48.1
   Vaults:1 |   10659 |   16307 |  60.5 |      13 |      21 |  61.8
            +---------+---------+-------+---------+---------+-------
